 Dungeon Crawl Stone Soup version 0.22-a0-278-g8f80174 (webtiles) character file.

415 Firecrotchwizard the Ruffian (level 6, -1/62 HPs)
             Began as a Troll Monk on Mar 15, 2018.
             Was a Follower of Ru.
             Killed from afar by an orc wizard (4 damage)
             ... with a magic dart
             ... on level 4 of the Dungeon.
             The game lasted 00:05:31 (2545 turns).

Firecrotchwizard the Ruffian (Troll Monk)           Turns: 2545, Time: 00:05:31

Health: -1/62      AC:  5    Str: 22    XL:     6   Next: 60%
Magic:  5/5        EV: 11    Int:  6    God:    Ru [*.....]
Gold:   257        SH:  0    Dex: 14    Spells: 5/5 levels left

rFire    . . .     SeeInvis .     - Unarmed
rCold    . . .     Gourm    +   (no shield)
rNeg     . . .     Faith    .   a - +0 robe
rPois    .         Spirit   .   (helmet restricted)
rElec    .         Reflect  .   (no cloak)
rCorr    .         Harm     .   (gloves unavailable)
MR       .....                  (boots unavailable)
Stlth    ++........             (no amulet)
HPRegen  0.60/turn              c - +2 ring of strength
MPRegen  0.09/turn              k - ring of wizardry {Wiz+, !d}

@: no status effects
A: large, unfitting armour, claws 3, fast metabolism 3, gourmand, regeneration
1, shaggy fur 1, tough skin 2, no charms magic, no fire magic, no hexes magic
a: Renounce Religion


You were on level 4 of the Dungeon.
You worshipped Ru.
Ru was aware of your devotion.
You were completely stuffed.

You visited 1 branch of the dungeon, and saw 4 of its levels.

You collected 257 gold pieces.

Inventory:

Missiles
 n - 4 javelins (quivered)
Armour
 a - a +0 robe (worn)
Jewellery
 c - a +2 ring of strength (left claw)
   (You found it on level 1 of the Dungeon)
 k - a ring of wizardry (right claw) {Wiz+, !d}
   (You found it on level 2 of the Dungeon)
 m - a cursed ring of teleportation {unknown}
   (You took it off a goblin on level 2 of the Dungeon)
Scrolls
 h - 5 scrolls of identify {unknown}
 o - a scroll of teleportation {unknown}
 p - a scroll of immolation {unknown}
 q - a scroll of amnesia {unknown}
 r - 4 scrolls of blinking {unknown}
 t - a scroll of remove curse {unknown}
Potions
 e - 3 potions of brilliance {unknown}
 f - a potion of lignification {unknown}
 g - 2 potions of flight {unknown}
 i - 2 potions of haste {unknown}
 j - a potion of heal wounds {unknown}
 l - a potion of cancellation {unknown}
 s - a potion of agility {unknown}
Comestibles
 b - 8 rations {@e1}
 d - a chunk of flesh {@w0}


   Skills:
 + Level 4.0 Fighting
 - Level 2.7 Dodging
 - Level 1.3 Stealth
 * Level 6.0 Unarmed Combat


You had 5 spell levels left.
You didn't know any spells.

Dungeon Overview and Level Annotations

Branches:
Dungeon (4/15)
 Temple: D:4-7

Altars:
Ashenzari
Elyvilon
Gozag
Qazlal
Ru
Uskayaw
Wu Jian
Xom
Zin
The Shining One

Annotations:
D:2 exclusion: Sigmund, Sigmund


Innate Abilities, Weirdness & Mutations

You are too large for most types of armour.
You have claws for hands.
Your metabolism is lightning-fast.
You like to eat raw meat.
Your natural rate of healing is unusually fast.
You are covered in fur. (AC +1)
You have very tough skin. (AC +2)
You cannot study or cast Charms magic.
You cannot study or cast Fire magic.
You cannot study or cast Hexes magic.


Message History

The orc wizard points at you and mumbles some strange words.
The magic dart hits you! The orc priest closely misses you.
You take 5 damage, and have 57/62 hp.
You closely miss the orc priest.
The orc wizard mumbles some strange words.
The orc wizard blinks!
You closely miss the orc priest.
The orc priest mumbles some strange prayers to Beogh against you.
You barely resist.
The orc wizard begins to cast a spell, but is stunned by your will!
You scratch the orc priest but do no damage.
You claw the orc priest.
The orc priest invokes the aid of Beogh against you.
You barely resist. You completely miss the orc priest.
The orc priest hits you but does no damage.
You closely miss the orc priest. The orc hits you with a club.
You redirect the orc wizard's attack!
The orc wizard hits itself but does no damage.
The orc priest mumbles some strange prayers to Beogh against you.
Beogh smites you!
You take 14 damage, and have 45/62 hp.
MASSIVE DAMAGE!!
You closely miss the orc priest. The orc wizard closely misses you.
The orc hits you from afar with a trident!
The orc hits you but does no damage.
The orc priest hits you but does no damage.
The orc wizard casts a spell.
The orc wizard blinks!
You take 9 damage, and have 36/62 hp.
You claw the orc priest! The orc wizard hits you with a dagger.
The orc misses you. The orc hits you with a club.
The orc wizard mumbles some strange words.
The orc wizard blinks!
The orc priest calls down the wrath of Beogh upon you.
Beogh smites you!
You take 13 damage, and have 23/62 hp.
MASSIVE DAMAGE!!
You closely miss the orc priest.
The orc wizard gestures at you while chanting.
The magic dart hits you!
* * * LOW HITPOINT WARNING * * *
The orc hits you but does no damage. The orc barely misses you.
You take 7 damage, and have 16/62 hp.
You mangle the orc priest!!
You kill the orc priest!
Your Fighting skill increases to level 4!
Your Unarmed Combat skill increases to level 6!
The orc wizard misses you.
You claw the orc!
You kill the orc!
The orc misses you.
The orc wizard points at you and mumbles some strange words.
The magic dart hits you!
* * * LOW HITPOINT WARNING * * *
The orc hits you with a trident.
* * * LOW HITPOINT WARNING * * *
Things that are here:
a club; a leather armour; an orc corpse You take 1 damage, and have 16/62 hp.
You closely miss the orc. The orc hits you with a trident.
* * * LOW HITPOINT WARNING * * *
You scratch the orc. The orc wizard completely misses you.
The orc hits you with a trident.
* * * LOW HITPOINT WARNING * * *
You take 2 damage, and have 14/62 hp.
You claw the orc!
You kill the orc!
The orc wizard hits you but does no damage.
You closely miss the orc wizard. The orc wizard hits you with a dagger.
* * * LOW HITPOINT WARNING * * *
You take 1 damage, and have 14/62 hp.
You closely miss the orc wizard.
The orc wizard mumbles some strange words.
The orc wizard seems to speed up.
The orc wizard casts a spell.
The orc wizard seems to speed up.
You scratch the orc wizard. The orc wizard closely misses you.
You scratch the orc wizard but do no damage.
The orc wizard hits you with a dagger.
* * * LOW HITPOINT WARNING * * *
The orc wizard hits you but does no damage.
You take 3 damage, and have 12/62 hp.
You closely miss the orc wizard.
The orc wizard hits you but does no damage.
The orc wizard misses you.
You closely miss the orc wizard. The orc wizard misses you.
The orc wizard hits you with an enchanted dagger.
* * * LOW HITPOINT WARNING * * *
You scratch the orc wizard. The orc wizard closely misses you.
The orc wizard gestures wildly while chanting.
The orc wizard blinks!
The orc wizard gestures at you while chanting.
The magic dart hits you!
* * * LOW HITPOINT WARNING * * *
You take 10 damage, and have 2/62 hp.
You closely miss the orc wizard.
The orc wizard gestures at you while chanting.
The magic dart hits you!
You die...

######################
#....................#
#....................#
#.....o..............#
#....)o..............#
#....@ยง..............#
#...)................#
#.....................
#.....................
#.....................
#######...............
#......>........
#...............
#...............


You could see 2 orc wizards.

Vanquished Creatures
  2 orc priests
  An orc wizard (D:3)
  Jessica (D:2)
  2 iguanas (D:4)
  4 worker ants (D:4)
  4 gnolls (D:2)
  2 adders
  An ooze (D:1)
  2 worms
  2 dart slugs
  A leopard gecko (D:2)
  4 orcs
  7 giant cockroaches
  7 hobgoblins
  4 jackals (D:1)
  3 quokkas
  A ball python (D:1)
  10 bats
  6 frilled lizards
  14 goblins
  5 kobolds
  A leopard gecko skeleton (D:4)
  A quokka skeleton (D:4)
  4 rats
89 creatures vanquished.

Notes
Turn   | Place    | Note
-------+----------+-------------------------------------------
     0 | D:1      | Firecrotchwizard the Troll Monk began the quest for the Orb.
     0 | D:1      | Reached XP level 1. HP: 22/22 MP: 0/0
    84 | D:1      | Reached XP level 2. HP: 29/29 MP: 1/1
   294 | D:1      | Reached XP level 3. HP: 36/36 MP: 2/2
   700 | D:2      | Noticed Jessica
   708 | D:2      | Killed Jessica
   710 | D:2      | Reached skill level 3 in Fighting
   710 | D:2      | Reached XP level 4. HP: 42/45 MP: 3/3
   770 | D:2      | Found a stormy altar of Qazlal.
   789 | D:2      | Reached skill level 4 in Unarmed Combat
   928 | D:2      | Noticed Sigmund
  1182 | D:3      | Found a glowing golden altar of the Shining One.
  1304 | D:3      | Reached XP level 5. HP: 53/53 MP: 4/4
  1317 | D:3      | Reached skill level 5 in Unarmed Combat
  1539 | D:3      | Found a shimmering altar of Xom.
  1779 | D:3      | Found a glowing silver altar of Zin.
  1829 | D:3      | Found a hide-covered altar of Uskayaw.
  1829 | D:3      | Found a white marble altar of Elyvilon.
  1831 | D:3      | Found a hide-covered altar of Uskayaw.
  1831 | D:3      | Found a shattered altar of Ashenzari.
  1831 | D:3      | Found an opulent altar of Gozag.
  1951 | D:4      | Found a sacrificial altar of Ru.
  1978 | D:4      | Became a worshipper of Ru the Awakened
  1988 | D:4      | Gained mutation: You cannot study or cast Fire magic. [Ru sacrifice]
  1988 | D:4      | Gained mutation: You cannot study or cast Hexes magic. [Ru sacrifice]
  1988 | D:4      | Gained mutation: You cannot study or cast Charms magic. [Ru sacrifice]
  1988 | D:4      | Reached * piety under Ru
  2103 | D:4      | Found an ornate altar of the Wu Jian Council.
  2146 | D:4      | Found a shattered altar of Ashenzari.
  2154 | D:4      | Reached XP level 6. HP: 48/62 MP: 5/5
  2532 | D:4      | Reached skill level 4 in Fighting
  2532 | D:4      | Reached skill level 6 in Unarmed Combat
  2536 | D:4      | HP: 14/62 [orc/trident (2)]
  2541 | D:4      | HP: 12/62 [orc wizard/dagger (4)]
  2544 | D:4      | HP: 2/62 [orc wizard/magic dart (10)]
  2545 | D:4      | Killed from afar by an orc wizard

Vault maps used:
D:1:      dpeg_arrival_round_a, serial_bayou_pond_b
D:2:      old_standard_altar, uniq_jessica, uniq_sigmund
D:3:      lemuel_doored_altar, old_standard_altar, minmay_misc_feat_cross,
          doesnt_xom_only_xom
D:4:      kennysheep_mini, nicolae_ru_awakened_eye, evilmike_ruin_ashenzari

Skill      XL: |  1  2  3  4  5  6 |
---------------+-------------------+-----
Fighting       | 3 4 |  4.0
Unarmed Combat | 4 5 6 |  6.0
Dodging        | |  2.7
Stealth        | |  1.3

Action                   |  1- 3 |  4- 6 || total
-------------------------+-------+-------++-------
Melee: Unarmed           |    72 |   147 ||   219
       Punch             |     2 |     6 ||     8
Throw: Javelin           |       |     5 ||     5
Invok: Sacrifice Arcana  |       |     1 ||     1
 Stab: Sleeping          |     3 |     1 ||     4
       Distracted        |       |     1 ||     1
  Eat: Chunk             |    12 |    17 ||    29
Armor: Robe              |    21 |    44 ||    65
Dodge: Dodged            |    41 |    77 ||   118

Table legend:
 A = Spawn XP
 B = Non-spawn XP
 C = Spawn XP percentage of total XP
 D = Spawn monster count
 E = Non-spawn monster count
 F = Spawn count percentage of total count
 G = Total turns spent on level
                    A         B        C        D         E        F      G
               +---------+---------+-------+---------+---------+-------+---------
         Total |       0 |     594 |   0.0 |       0 |      89 |   0.0 |  2545
               +---------+---------+-------+---------+---------+-------+---------
           D:1 |       0 |      50 |   0.0 |       0 |      29 |   0.0 |   691
           D:2 |       0 |     133 |   0.0 |       0 |      24 |   0.0 |   422
           D:3 |       0 |     127 |   0.0 |       0 |      19 |   0.0 |   747
           D:4 |       0 |     284 |   0.0 |       0 |      17 |   0.0 |   685
               +---------+---------+-------+---------+---------+-------+---------

Vault maps used:
D:1:      dpeg_arrival_round_a, serial_bayou_pond_b
D:2:      old_standard_altar, uniq_jessica, uniq_sigmund
D:3:      lemuel_doored_altar, old_standard_altar, minmay_misc_feat_cross,
          doesnt_xom_only_xom
D:4:      kennysheep_mini, nicolae_ru_awakened_eye, evilmike_ruin_ashenzari

Table legend:
 A = Turns spent in this place as a percentage of turns spent in the entire game.
 B = Non-inter-level travel turns spent in this place as a percentage of non-inter-level travel turns spent in the entire game.
 C = Inter-level travel turns spent in this place as a percentage of turns spent in this place.
 D = Turns resting spent in this place as a percentage of non-inter-level travel turns spent in this place.
 E = Turns spent auto-exploring this place as a percentage of non-inter-level travel turns spent in this place.
 F = Non-inter-level travel turns spent in this place divided by the number of levels of this place that you've seen.
                   A       B       C       D       E      F
               +-------+-------+-------+-------+-------+----------------------
         Total | 100.0 | 100.0 |   2.8 |   2.3 |  76.0 | 618.8
       Dungeon | 100.0 | 100.0 |   2.8 |   2.3 |  76.0 | 618.8
               +-------+-------+-------+-------+-------+----------------------

Table legend:
 A = Kills in this place as a percentage of kills in entire the game.
 B = Kills by you in this place as a percentage of kills by you in the entire game.
 C = Kills by friends in this place as a percentage of kills by friends in the entire game.
 D = Other kills in this place as a percentage of other kills in the entire game.
 E = Experience gained in this place as a percentage of experience gained in the entire game.
 F = Experience gained in this place divided by the number of levels of this place that you have seen.
                   A       B       C       D       E      F
               +-------+-------+-------+-------+-------+----------------------
         Total | 100.0 | 100.0 |   N/A |   N/A | 100.0 | 148.5
       Dungeon | 100.0 | 100.0 |   N/A |   N/A | 100.0 | 148.5
               +-------+-------+-------+-------+-------+----------------------
